 Dungeon Crawl Stone Soup version 0.26-a0-670-g578ab304f5 (webtiles) character file.

Game seed: 12968666412377694262

184 Kinoniko the Poker (level 5, -15/41 HPs)
             Began as a Draconian Gladiator on Oct 19, 2020.
             Demolished by an ogre
             ... wielding a +0 giant spiked club
              (17 damage)
             ... on level 3 of the Dungeon.
             The game lasted 00:03:02 (2653 turns).

Kinoniko the Poker (Draconian Gladiator)            Turns: 2653, Time: 00:03:03

Health: -15/41     AC:  5    Str: 17    XL:     5   Next: 36%
Magic:  5/5        EV: 13    Int:  9    God:
Gold:   220        SH:  0    Dex: 12    Spells: 4/4 levels left

rFire    . . .     SeeInvis .   a - +0 trident
rCold    . . .     Faith    .   (no shield)
rNeg     . . .     Spirit   .   (armour unavailable)
rPois    .         Reflect  .   b - +0 hat
rElec    .         Harm     .   (no cloak)
rCorr    .         Rampage  .   (no gloves)
MR       .....                  (no boots)
Stlth    +.........             (no amulet)
HPRegen  0.13/turn              (no ring)
MPRegen  0.09/turn              (no ring)

@: no status effects
A: unfitting armour, cold-blooded, AC +5
a: no special abilities


You were on level 3 of the Dungeon.
You visited 1 branch of the dungeon, and saw 3 of its levels.

You collected 220 gold pieces.

Inventory:

Hand Weapons
 a - a +0 trident (weapon)
Missiles
 c - 3 throwing nets (quivered)
Armour
 b - a +0 hat (worn)
Jewellery
 l - an uncursed ring of poison resistance {unknown}
Wands
 o - a wand of digging (3)
Scrolls
 d - 6 scrolls of identify {unknown}
 e - a scroll of blinking {unknown}
 g - a scroll of noise {unknown}
 j - a scroll of magic mapping {unknown}
 n - a scroll of remove curse {unknown}
Potions
 f - a potion of flight {unknown}
 h - a potion of heal wounds
 i - a potion of ambrosia {unknown}
 k - a potion of degeneration {unknown}
 m - a potion of berserk rage {unknown}


   Skills:
 - Level 2.2 Fighting
 * Level 5.9 Polearms
 - Level 1.8 Throwing
 - Level 3.0 Dodging


You had 4 spell levels left.
You didn't know any spells.
Your spell library was empty.

Dungeon Overview and Level Annotations

Branches:
Dungeon (3/15)

Altars:
Ashenzari
Gozag
Sif Muna
Uskayaw
Vehumet
Xom


Innate Abilities, Weirdness & Mutations

Your plain brown scales are hard. (AC +5)
You cannot fit into any form of body armour.
You are cold-blooded and may be slowed by cold attacks.


Message History

You hit the ogre.
The ogre is lightly wounded.
The ogre barely misses you.
You puncture the ogre!
The ogre is moderately wounded.
The ogre hits you with a +0 giant spiked club!
You hit the ogre but do no damage.
The ogre is moderately wounded.
The ogre misses you.
You puncture the ogre!
Your tail-slap misses the ogre.
The ogre is severely wounded.
You hit the ogre. You tail-slap the ogre.
The ogre is almost dead.
The ogre hits you with a +0 giant spiked club!!
Ouch! That really hurt!
* * * LOW HITPOINT WARNING * * *
You barely miss the ogre.
The ogre is almost dead.
The ogre hits you with a +0 giant spiked club!
You die...

.. ... #.... # .##....
.# .# ... ..#.#.# ..# .#
....## #.#...##..# .#
#.##...#.#.#.....# .#
#.##...#.#.....#
.#####.##.......@O#.#.#
.##.##.##....)..........
.##.##.##.........###.##
.##.##'####.......#
#........##......)#
#........#........#
'........+.......##
#†.......#.......#
#..............#.####.#


You could see an ogre.

Vanquished Creatures
  An iguana (D:2)
  Natasha (thrice) (D:2)
  2 adders (D:2)
  An ooze (D:1)
  6 dart slugs
  2 leopard geckos (D:2)
  5 giant cockroaches
  6 goblins
  6 hobgoblins
  4 jackals (D:2)
  A ball python (D:2)
  4 bats (D:1)
  3 frilled lizards
  5 kobolds
  5 rats
54 creatures vanquished.

Notes
Turn   | Place    | Note
-------+----------+-------------------------------------------
     0 | D:1      | Kinoniko the Draconian Gladiator began the quest for the
                  | Orb.
     0 | D:1      | Reached XP level 1. HP: 17/17 MP: 1/1
   286 | D:1      | Reached XP level 2. HP: 24/24 MP: 2/2
   302 | D:1      | You fall into a shaft and drop 1 floor!
   303 | D:2      | Found a broken altar of Ashenzari.
   403 | D:2      | Found an opulent altar of Gozag.
   421 | D:2      | Reached skill level 4 in Polearms
   421 | D:2      | Reached XP level 3. HP: 20/29 MP: 3/3
   631 | D:2      | Found a hide-covered altar of Uskayaw.
   633 | D:2      | Found a shimmering blue altar of Sif Muna.
   647 | D:2      | Found a radiant altar of Vehumet.
   647 | D:2      | Found a shimmering altar of Xom.
  1141 | D:2      | Reached XP level 4. HP: 21/36 MP: 4/4
  1471 | D:2      | Noticed Natasha
  1479 | D:2      | Killed Natasha
  1479 | D:2      | Reached skill level 5 in Polearms
  1928 | D:1      | You fall into a shaft and drop 1 floor!
  2181 | D:2      | Noticed Natasha
  2189 | D:2      | Killed Natasha
  2189 | D:2      | Reached XP level 5. HP: 29/41 MP: 5/5
  2317 | D:2      | Noticed Natasha
  2339 | D:2      | Killed Natasha
  2644 | D:3      | Noticed an ogre
  2652 | D:3      | HP: 2/41 [ogre/+0 giant spiked club (24)]
  2653 | D:3      | Demolished by an ogre

Illustrated notes

Levels and vault maps discovered:
D:1:      dpeg_arrival_morbid_curiosity, layout_basic, item_on_display_a
D:2:      layout_loops_ring, evilmike_ruin_ashenzari, old_standard_altar,
          grunt_temple_overflow_open, minmay_shallow_snake_nest, uniq_natasha
D:3:      layout_basic, uniq_crazy_yiuf_cottage

Skill      XL: |  1  2  3  4 |
---------------+-------------+-----
Dodging        | 3 |  3.0
Polearms       | 4 5 |  5.9
Fighting       | |  2.2
Throwing       | |  1.8

Action                   |  1- 3 |  4- 6 || total
-------------------------+-------+-------++-------
Melee: Trident           |    85 |   127 ||   212
       Tailslap          |     5 |    18 ||    23
  Use: Potion            |     1 |       ||     1
 Stab: Sleeping          |     2 |     2 ||     4
Armor: Skin              |    17 |    22 ||    39
Dodge: Dodged            |    59 |    59 ||   118

Table legend: (Time is in decaauts)
 A = Elapsed time spent in this place.
 B = Non-inter-level travel time spent in this place.
 C = Inter-level travel time spent in this place.
 D = Time resting spent in this place.
 E = Time spent auto-exploring this place.
 F = Levels seen in this place.
 G = Mean time per level.
                   A        B        C        D        E       F      G
               +--------+--------+--------+--------+--------+-----+--------+
         Total |   2674 |   2525 |    149 |    949 |   1148 |   3 |  891.3 |
       Dungeon |   2674 |   2525 |    149 |    949 |   1148 |   3 |  891.3 |
               +--------+--------+--------+--------+--------+-----+--------+

Top non-repeatable levels by time:
     D:2: 1856 daAuts
     D:1: 726 daAuts
     D:3: 91 daAuts
